 Dungeon Sprint DCSS version 0.19.1 (webtiles) character file.

11484 equalderp2856 the Eviscerator (level 11, -3/52 HPs)
             Began as a Felid Fighter on Dec 4, 2016.
             Was the Champion of Kikubaaqudgha.
             Slain by a naga warrior
             ... wielding a cursed +0 halberd
              (23 damage)
             ... in the Dungeon (Sprint IX: "|||||||||||||||||||||||||||||").
             The game lasted 00:15:41 (6772 turns).

equalderp2856 the Eviscerator (Felid Fighter)       Turns: 6772, Time: 00:15:42

Health: -3/52      AC:  2    Str: 18    XL:     11   Next: 49%
Magic:  21/21      EV: 33    Int: 14    God:    Kikubaaqudgha [******]
Gold:   1907       SH:  0    Dex: 20    Spells: 2 memorised, 17 levels left
                                        Lives:  0   Deaths: 3

rFire  . . .     SeeInvis +       - Unarmed
rCold  . . .     Gourm    .     (armour unavailable)
rNeg   . . .     Faith    .     (shield unavailable)
rPois  .         Spirit   .     (helmet unavailable)
rElec  .         Reflect  .     (cloak unavailable)
rCorr  .         Harm     .     (gloves unavailable)
MR     +....     NoTele   +     (boots unavailable)
Stlth  +++++++...               (no amulet)
                                n - +3 ring of intelligence
                                m - +3 ring of dexterity

@: mighty, quick
A: no armour, no weapons or thrown items, stealth, claws 1, fangs 3, see
invisible, carnivore 3, speed 1, shaggy fur 2, slow metabolism 1, sharp paws
a: Receive Corpses, Torment, Renounce Religion


You were in the Dungeon.
You worshipped Kikubaaqudgha.
Kikubaaqudgha was exalted by your worship.
You were full.

You visited 1 branch You collected 1907 gold pieces.

Inventory:

Jewellery
 m - a +3 ring of dexterity (left paw)
 n - a +3 ring of intelligence (right paw)
 x - an uncursed ring of protection from magic
 y - an uncursed ring of protection from fire
 z - an uncursed ring of wizardry
Wands
 l - a wand of iceblast (3/15)
 t - a wand of acid (9/15)
 v - a wand of paralysis (17/24)
Scrolls
 h - 5 scrolls of blinking
 j - 4 scrolls of remove curse
 k - 2 scrolls of amnesia
 r - a scroll of fear
 s - 2 scrolls of fog
 u - 2 scrolls of identify
Potions
 a - 2 potions of might
 c - 3 potions of curing
 d - a potion of invisibility
 e - a potion of haste
 f - 4 potions of magic
 g - a potion of berserk rage
 p - a potion of heal wounds
 q - a potion of agility
 A - a potion of brilliance
 B - a potion of resistance
Books
 i - Kikubaaqudgha's Catalogue of Black Magic
   (Kikubaaqudgha gifted it to you in the Dungeon)

   Spells                             Type                      Level
   a - Animate Dead                   Necromancy                   4
   b - Agony                          Necromancy                   5
   c - Cigotuvi's Embrace             Necromancy                   5
   d - Dispel Undead                  Necromancy                   5
   e - Death Channel                  Necromancy                   6
 o - Kikubaaqudgha's Incunabulum of Evil
   (Kikubaaqudgha gifted it to you in the Dungeon)

   Spells                             Type                      Level
   a - Pain                           Necromancy                   1
   b - Corpse Rot                     Necromancy                   2
   c - Sublimation of Blood           Necromancy                   2
   d - Vampiric Draining              Necromancy                   3
   e - Control Undead                 Necromancy                   4
 w - a Necronomicon

   Spells                             Type                      Level
   a - Haunt                          Necromancy/Summoning         7
   b - Borgnjor's Revivification      Necromancy                   8
   c - Death's Door                   Charms/Necromancy            8
   d - Infestation                    Necromancy                   8
   e - Necromutation                  Transmutation/Necromancy     8
Comestibles
 b - 12 meat rations


   Skills:
 + Level 8.8 Fighting
 + Level 15.6 Dodging
 + Level 17.9 Stealth
 + Level 22.6 Unarmed Combat
 * Level 6.1 Spellcasting
 * Level 6.3 Necromancy
 + Level 3.2 Evocations


You had 17 spell levels left.
You knew the following spells:

 Your Spells              Type           Power        Failure   Level  Hunger
a - Animate Dead          Necr           N/A          14%         4    ####...
b - Pain                  Necr           ###.         1%          1    None


Dungeon Overview and Level Annotations

Branches:
Dungeon (1/1)

Altars:
Cheibriados
Dithmenos
Elyvilon
Fedhas
Gozag
Hepliaklqana
Kikubaaqudgha
Makhleb
Nemelex Xobeh
Okawaru
Qazlal
Ru
Sif Muna
Trog
Uskayaw
Vehumet
Xom
Yredelemnul
Zin
The Shining One
Beogh
Jiyva
Lugonu

Shops:
D =?([


Innate Abilities, Weirdness & Mutations

You cannot wear armour.
You are incapable of wielding weapons or throwing items.
Your paws allow you to move quietly. (Stealth)
You have sharp claws.
You have razor-sharp teeth.
You have supernaturally acute eyesight. (SInv)
You are carnivorous and can eat meat at any time.
You cover ground quickly.
You are covered in thick fur. (AC +2)
You have a slow metabolism.
Your sharp claws are effective at attacking unaware monsters.


Message History

The shock serpent shoots out a bolt of lightning at you!
The bolt of electricity hits you!
* * * LOW HITPOINT WARNING * * *
The shock serpent shoots out a bolt of lightning at you!
The bolt of electricity misses you.
You feel much better. The shock serpent closely misses you.
The naga warrior completely misses you.
The naga mage casts a spell.
You closely miss the shock serpent.
The shock serpent completely misses you.
The naga warrior hits you from afar with a halberd!!
* * * LOW HITPOINT WARNING * * *
You feel much better. The shock serpent bites you!!
The shock serpent shocks you!
* * * LOW HITPOINT WARNING * * *
The shock serpent completely misses you.
You feel better.
The naga warrior hits you from afar with a halberd!!
You die...
Kikubaaqudgha rasps: "You have failed me!
Welcome... death!"

▓.▓.▓
▓.▓.▓∩▓.▓.▓.▓[
▓.▓'▓
▓.▓.▓.▓.▓.▓.▓)
▓.♣.♣
▓.▓.▓.▓)▓.▓.▓|
▓.♣.♣
▓.▓.▓.▓.▓.▓.▓.
▓.♣.♣
▓'▓.▓[▓.▓÷▓.▓.
▓.♣.♣
▓.▓.▓)▓.▓'▓.▓'
▓.♣.♣
▓?▓.▓÷▓.▓†▓.▓.
▓.♣.♣
▓.▓.▓.▓.▓†▓.▓_
▓.♣@♣
▓?▓.▓)▓)▓.▓.▓_
▓.♣S♣
▓.▓.▓.▓.▓.▓.▓_
▓.♣N♣
▓.▓.▓.▓)▓.▓.▓_
▓.♣S♣
▓.▓.▓.▓.▓.▓.▓_
▓.▓S▓
▓.▓.▓.▓.▓.▓.▓_
▓.▓N▓
▓.▓.▓.▓.▓.▓.▓_
▓.▓.▓
▓.▓.▓.▓.▓.▓.▓_
▓.▓N▓
▓[▓.▓.▓.▓'▓.▓_
▓.▓.▓
▓[▓.▓.▓.▓.▓.▓_


You could see a naga warrior, 3 shock serpents, a naga mage and a naga.

Vanquished Creatures
  A thorn hunter (D)
  Erolcha (D)
  A hydra (D)
  An alligator (D)
  5 ogre magi (D)
  An orc high priest (D)
  A shock serpent (D)
  2 sea snakes (D)
  2 unseen horrors (D)
  An ugly thing (D)
  2 manticores (D)
  Psyche (D)
  2 spiny frogs (D)
  Joseph (D)
  3 komodo dragons (D)
  A yaktaur (D)
  A freezing wraith (D)
  2 merfolk (D)
  4 polar bears (D)
  A tyrant leech (D)
  7 two-headed ogres (D)
  2 snapping turtles (D)
  A shadow (D)
  A water elemental (D)
  A vampire (D)
  A yak (D)
  A wyvern (D)
  A vampire mosquito (D)
  A basilisk (D)
  A naga (D)
  A water moccasin (D)
  3 porcupines (D)
  4 black bears (D)
  A swamp drake (D)
  An eye of draining (D)
  11 orc warriors (D)
  6 ogres (D)
  2 wolves (D)
  A centaur (D)
  2 crocodiles (D)
  A big kobold (D)
  2 bullfrogs (D)
  A killer bee (D)
  A scorpion (D)
  A crimson imp (D)
  2 hounds (D)
  4 orc wizards (D)
  5 orc priests (D)
  A shadow imp (D)
  An ooze (D)
  2 adder skeletons (D)
  A leopard gecko (D)
  5 orcs (D)
  A bat skeleton (D)
  A bat zombie (D)
  A kobold (D)
  A bat (D)
  A frilled lizard (D)
  2 briar patches (D)
117 creatures vanquished.

Vanquished Creatures (others)
  A bog body (D)
  2 swamp drakes (D)
3 creatures vanquished.

Grand Total: 120 creatures vanquished

Notes
Turn   | Place    | Note
-------+----------+-------------------------------------------
     0 | D        | equalderp2856 the Felid Fighter began the quest for the Orb.
     0 | D        | Reached XP level 1. HP: 10/10 MP: 2/2
    11 | D        | Reached XP level 2. HP: 14/14 MP: 3/3
    15 | D        | Reached skill level 5 in Unarmed Combat
    32 | D        | Noticed an ogre
    32 | D        | Noticed an ogre
    43 | D        | Killed an ogre
    43 | D        | Reached skill level 7 in Unarmed Combat
    43 | D        | Reached XP level 3. HP: 2/19 MP: 4/4
    43 | D        | Reached XP level 4. HP: 2/22 MP: 5/5
    50 | D        | Killed an ogre
    50 | D        | Reached skill level 5 in Fighting
    50 | D        | Reached skill level 9 in Unarmed Combat
    50 | D        | Reached XP level 5. HP: 8/26 MP: 6/6
    56 | D        | Reached skill level 10 in Unarmed Combat
   328 | D        | Found a roughly hewn altar of Beogh.
   328 | D        | Found a snail-covered altar of Cheibriados.
   328 | D        | Found a shadowy altar of Dithmenos.
   328 | D        | Found a white marble altar of Elyvilon.
   328 | D        | Found a blossoming altar of Fedhas.
   328 | D        | Found an opulent altar of Gozag.
   329 | D        | Found a hazy altar of Hepliaklqana.
   330 | D        | Found a viscous altar of Jiyva.
   331 | D        | Found an ancient bone altar of Kikubaaqudgha.
   332 | D        | Found a corrupted altar of Lugonu.
   333 | D        | Found a burning altar of Makhleb.
   334 | D        | Found a sparkling altar of Nemelex Xobeh.
   335 | D        | Found an iron altar of Okawaru.
   336 | D        | Found a stormy altar of Qazlal.
   337 | D        | Found a sacrificial altar of Ru.
   348 | D        | Found a deep blue altar of Sif Muna.
   349 | D        | Found a bloodstained altar of Trog.
   350 | D        | Found a hide-covered altar of Uskayaw.
   351 | D        | Found a radiant altar of Vehumet.
   352 | D        | Found a shimmering altar of Xom.
   389 | D        | Became a worshipper of Kikubaaqudgha
   394 | D        | Found a basalt altar of Yredelemnul.
   395 | D        | Found a glowing silver altar of Zin.
   396 | D        | Found a glowing golden altar of the Shining One.
   479 | D        | Noticed a centaur
   479 | D        | Noticed a two-headed ogre
   479 | D        | Noticed an ogre
   481 | D        | Killed an ogre
   481 | D        | Gained mutation: You are covered in thick fur. (AC +2) [Felid growth]
   481 | D        | Reached XP level 6. HP: 31/31 MP: 7/7
   488 | D        | Reached * piety under Kikubaaqudgha
   488 | D        | Identified Kikubaaqudgha's Incunabulum of Evil (Kikubaaqudgha gifted it to you in the Dungeon)
   488 | D        | Received a gift from Kikubaaqudgha
   488 | D        | Reached skill level 11 in Unarmed Combat
   493 | D        | Killed a two-headed ogre
   493 | D        | Reached skill level 12 in Unarmed Combat
   493 | D        | Reached XP level 7. HP: 35/35 MP: 8/8
   500 | D        | Reached skill level 5 in Stealth
   504 | D        | Reached ** piety under Kikubaaqudgha
   504 | D        | Reached skill level 10 in Dodging
   514 | D        | Noticed a yak
   514 | D        | Noticed a vampire
   520 | D        | Reached skill level 13 in Unarmed Combat
   522 | D        | Reached *** piety under Kikubaaqudgha
   522 | D        | Identified Kikubaaqudgha's Catalogue of Black Magic (Kikubaaqudgha gifted it to you in the Dungeon)
   522 | D        | Received a gift from Kikubaaqudgha
   548 | D        | Killed a vampire
   548 | D        | Reached XP level 8. HP: 5/40 MP: 9/9
  1048 | D        | Noticed a spiny frog
  1048 | D        | Noticed a komodo dragon
  1048 | D        | Noticed a komodo dragon
  1048 | D        | Noticed an eight-headed hydra
  1050 | D        | Slain by an eight-headed hydra
  1051 | D        | Reached XP level 7. HP: -5/36 MP: 8/8
  1098 | D        | Reached skill level 14 in Unarmed Combat
  1101 | D        | Killed an eight-headed hydra
  1101 | D        | Reached **** piety under Kikubaaqudgha
  1101 | D        | Reached skill level 10 in Stealth
  1101 | D        | Reached skill level 15 in Unarmed Combat
  1101 | D        | Reached skill level 1 in Evocations
  1101 | D        | Reached XP level 8. HP: 40/40 MP: 8/10
  1458 | D        | Killed a komodo dragon
  1480 | D        | Killed a komodo dragon
  1480 | D        | Reached XP level 9. HP: 29/43 MP: 11/11
  1522 | D        | Killed a spiny frog
  1522 | D        | Reached ***** piety under Kikubaaqudgha
  1522 | D        | Reached skill level 16 in Unarmed Combat
  1562 | D        | HP: 2/44 [poisoned by a spiny frog]
  1567 | D        | HP: 2/44 [poisoned by a spiny frog]
  1919 | D        | Noticed a spiny frog
  1932 | D        | Killed a spiny frog
  2337 | D        | Reached skill level 17 in Unarmed Combat
  2486 | D        | Noticed a komodo dragon
  2492 | D        | Reached ****** piety under Kikubaaqudgha
  2494 | D        | Killed a komodo dragon
  2496 | D        | Noticed a polar bear
  2496 | D        | Noticed a polar bear
  2496 | D        | Noticed a polar bear
  2503 | D        | Noticed a polar bear
  2503 | D        | Killed a polar bear
  2503 | D        | Reached XP level 10. HP: 43/48 MP: 13/13
  2523 | D        | Reached skill level 18 in Unarmed Combat
  2667 | D        | Noticed Joseph
  2674 | D        | Killed Joseph
  2763 | D        | HP: 1/49 [orc priest/divine providence (8)]
  3209 | D        | Noticed an orc high priest
  3364 | D        | Killed an orc high priest
  3429 | D        | Reached skill level 19 in Unarmed Combat
  4152 | D        | Found Fuimm's Armour Boutique.
  4152 | D        | Noticed an ogre mage
  4152 | D        | Noticed an ogre mage
  4152 | D        | Noticed an ogre mage
  4154 | D        | Killed an ogre mage
  4158 | D        | Reached XP level 11. HP: 52/52 MP: 14/14
  4159 | D        | Found Qeotecofu's Weapon Shop.
  4159 | D        | Noticed an ogre mage
  4162 | D        | Killed an ogre mage
  4162 | D        | Reached skill level 20 in Unarmed Combat
  4163 | D        | Killed from afar by an ogre mage
  4164 | D        | Reached XP level 10. HP: -21/49 MP: 13/13
  4187 | D        | Noticed Psyche
  4194 | D        | Killed Psyche
  4252 | D        | Noticed Erolcha
  4259 | D        | Killed Erolcha
  4259 | D        | Reached skill level 15 in Stealth
  4279 | D        | Found Xounuoz's Jewellery Shop.
  4282 | D        | Found Ohameoce's Magic Scroll Boutique.
  4297 | D        | Killed an ogre mage
  4353 | D        | Killed an ogre mage
  4353 | D        | Reached skill level 21 in Unarmed Combat
  4353 | D        | Reached XP level 11. HP: 50/52 MP: 14/14
  4558 | D        | Received a gift from Kikubaaqudgha
  4610 | D        | Noticed an ogre mage
  4610 | D        | Noticed a red ugly thing
  4614 | D        | Noticed an unseen horror
  4823 | D        | Killed a red ugly thing
  4823 | D        | Reached skill level 1 in Necromancy
  4865 | D        | Reached skill level 1 in Spellcasting
  4872 | D        | Killed an ogre mage
  4919 | D        | Killed an unseen horror
  4930 | D        | Noticed an unseen horror
  4938 | D        | Killed an unseen horror
  4943 | D        | Noticed an ettin
  4944 | D        | Noticed a stone giant
  4946 | D        | Noticed a centaur warrior
  4953 | D        | Mangled by an ettin
  4954 | D        | Reached XP level 10. HP: -11/49 MP: 16/16
  4991 | D        | Noticed a sea snake
  4991 | D        | Noticed a sea snake
  4991 | D        | Noticed a manticore
  4992 | D        | Noticed a manticore
  5048 | D        | Killed a sea snake
  5229 | D        | Reached skill level 15 in Dodging
  5534 | D        | Killed a sea snake
  5600 | D        | Killed a manticore
  5600 | D        | Reached skill level 22 in Unarmed Combat
  5977 | D        | Killed a manticore
  5977 | D        | Reached XP level 11. HP: 52/52 MP: 17/19
  6012 | D        | Reached skill level 5 in Necromancy
  6145 | D        | Noticed an alligator
  6261 | D        | Reached skill level 5 in Spellcasting
  6296 | D        | Noticed a thorn hunter
  6299 | D        | Killed an alligator
  6614 | D        | Killed a thorn hunter
  6627 | D        | Learned a level 4 spell: Animate Dead
  6629 | D        | Learned a level 1 spell: Pain
  6753 | D        | Noticed a shock serpent
  6753 | D        | Noticed a shock serpent
  6753 | D        | Noticed a naga warrior
  6753 | D        | Noticed a shock serpent
  6753 | D        | Noticed a shock serpent
  6756 | D        | Noticed a naga warrior
  6757 | D        | Killed a shock serpent
  6772 | D        | Slain by a naga warrior

Skill      XL: |  1  2  3  4  5  6  7  8  9 10 11 |
---------------+----------------------------------+-----
Unarmed Combat | 7 9 10 12 15 17 22 20 | 22.6
Fighting       | 4 5 6 7 8 |  8.8
Dodging        | 6 7 8 9 11 12 15 | 15.6
Stealth        | 2 3 4 10 11 12 16 17 | 17.9
Evocations     | 1 2 3 |  3.2
Necromancy     | 4 6 |  6.3
Spellcasting   | 4 6 |  6.1

Action                   |  1- 3 |  4- 6 |  7- 9 | 10-12 || total
-------------------------+-------+-------+-------+-------++-------
Melee: Unarmed           |    20 |    24 |   123 |   270 ||   437
       Bite              |       |     3 |    16 |    37 ||    56
       Punch             |       |     2 |     9 |    30 ||    41
Invok: Receive Necronomi |       |       |       |     1 ||     1
Evoke: Wand              |       |       |     4 |       ||     4
  Use: Potion            |       |     1 |     3 |    10 ||    14
 Stab: Sleeping          |     1 |     1 |     8 |    11 ||    21
       Distracted        |       |       |       |     3 ||     3
  Eat: Chunk             |     4 |       |       |     9 ||    13
       Meat ration       |       |       |       |     1 ||     1
Armor: Skin              |       |       |     1 |     6 ||     7
Dodge: Dodged            |    15 |    15 |    87 |   210 ||   327
